cohdb
Replays
Latest Replays
All Replays
Popular Replays
Top Player Replays
Match Explorer
How It Works
Community
CoH3 Stats
Reddit
Sign in to upload your games and track your stats! →
Sign in with Steam
Match 43735223
Unlisted
Match 43735223
Overview
Messages
Build Orders
End
Kradschützen Motorcycle Team
Selects Italian Combined Arms Battlegroup
Selects Bersaglieri Squad
Bersaglieri Squad
Bersaglieri Squad
Construct Light Support Kompanie
Selects Bersaglieri Bolster
Bersaglieri Squad
Fire Support Elements
Flakvierling Half-track
Panzerjäger Mechanized Group
Vehicle Survival Package
Pak 38 Anti-tank Gun Team
Selects Breda Model 30 Light Machine Guns
Panzerpioneer Squad
Construct Panzerarmee Kommand
Panzer III L Medium Tank
Selects Semovente da 75/18 Assault Gun
Selects Strafing Run
Emergency Repair Kits
MrGlaucus
Discoverer
ZELOT
ultimatron
0
0
Comments
sign in to comment!
No comments posted yet!